 Dungeon Crawl Stone Soup version 0.27-a0-416-gca2cecf3c0 (webtiles) character file.

Game seed: 14581736890427030228

3 littlecub the Sneak (level 1, 0/9 HPs)
             Began as a Spriggan Enchanter on Feb 24, 2021.
             Slain by a goblin
             ... wielding a +0 club
              (6 damage)
             ... on level 1 of the Dungeon.
             The game lasted 00:00:51 (267 turns).

littlecub the Sneak (Spriggan Enchanter)             Turns: 267, Time: 00:00:52

Health: 0/9        AC:  2    Str:  4    XL:     1   Next: 41%
Magic:  2/5        EV: 17    Int: 16    God:
Gold:   11         SH:  0    Dex: 15    Spells: 4/5 levels left

rFire    . . .     SeeInvis +   a - +1 dagger
rCold    . . .     Faith    .   (shield restricted)
rNeg     . . .     Spirit   .   b - +0 robe
rPois    .         Reflect  .   (helmet restricted)
rElec    .         Harm     .   (no cloak)
rCorr    .         Rampage  .   (gloves unavailable)
Will     .....                  (boots unavailable)
Stlth    +++.......             (no amulet)
HPRegen  0.03/turn              (no ring)
MPRegen  0.09/turn              (no ring)

@: very quick
A: very small, unfitting armour, see invisible, speed 3
a: no special abilities


You were on level 1 of the Dungeon.
You visited 1 branch of the dungeon, and saw 1 of its levels.

You collected 11 gold pieces.

Inventory:

Hand Weapons
 a - a +1 dagger (weapon)
Armour
 b - a +0 robe (worn)
Scrolls
 c - a scroll of identify {unknown}


   Skills:
 + Level 0.1 Fighting
 * Level 1.2 Short Blades
 - Level 2.6 Dodging
 * Level 4.5 Stealth
 + Level 2.7 Spellcasting
 * Level 3.7 Hexes


You had 4 spell levels left.
You knew the following spells:

 Your Spells              Type           Power        Failure   Level
a - Corona                Hex            15%          4%          1

Your spell library contained the following spells:

 Spells                   Type           Power        Failure   Level
 Confusing Touch          Hex            14%          13%         3
 Tukima's Dance           Hex            14%          13%         3
 Ensorcelled Hibernation  Hex/Ice        16%          14%         2
 Dazzling Flash           Conj/Hex       16%          26%         3


Dungeon Overview and Level Annotations

Branches:
Dungeon (1/15)

Altars:


Innate Abilities, Weirdness & Mutations

You are very small and have problems with some larger weapons.
You are too small for most types of armour.
You have supernaturally acute eyesight. (SInv)
You cover ground extremely quickly.


Message History

Aim: a kobold, wielding a +0 club (chance to affect: 67%)
The kobold barely resists.
The kobold hits you but does no damage.
Aiming: Corona (safe; 4% risk of failure)
Press: ? - help, Q - select action Shift-Dir - straight line, f/p - kobold
Aim: a kobold, wielding a +0 club (chance to affect: 67%)
The kobold is outlined in light.
The kobold hits you with a +0 club.
Ouch! That really hurt!
Things that are here:
a +0 dagger; a kobold corpse Your magical contamination has completely faded away.
Found a leather armour.
You start resting.
A kobold is nearby!
Aiming: Corona (safe; 4% risk of failure)
Press: ? - help, Q - select action Shift-Dir - straight line, f/p - kobold
Aim: a kobold, wielding a +0 club (chance to affect: 67%)
The kobold is outlined in light.
The kobold barely misses you.
You hit the kobold.
The kobold is moderately wounded.
The kobold closely misses you.
You hit the kobold but do no damage.
The kobold is moderately wounded.
The kobold misses you.
You hit the kobold but do no damage.
The kobold is moderately wounded.
The kobold completely misses you.
You hit the kobold.
You kill the kobold!
Aiming: Corona (safe; 4% risk of failure)
Press: ? - help, Q - select action Shift-Dir - straight line, f - goblin
Aim: a goblin, wielding a +0 club (chance to affect: 68%)
The goblin is outlined in light.
You hit the goblin.
The goblin is moderately wounded.
The goblin hits you with a +0 club.
Ouch! That really hurt!
You die...

#.# #.# ###
#.# ..# #.#
#.# #.# #.#
#.# ##.# #.#
.#.#########
#.#
.#..........
#@#
..##''#####
#g#
.##8..8##
#.#
.###..###
#)#
.#÷'..'<#
#.#
####..###
#.# #8....8#
#.#
####..###
#.#
.#÷+..+÷#
#.#


You could see a goblin (corona).

Vanquished Creatures
  2 frilled lizards (D:1)
  2 kobolds (D:1)
  A rat (D:1)
5 creatures vanquished.

Notes
Turn   | Place    | Note
-------+----------+-------------------------------------------
     0 | D:1      | littlecub the Spriggan Enchanter began the quest for the
                  | Orb.
     0 | D:1      | Reached XP level 1. HP: 9/9 MP: 5/5
   267 | D:1      | Slain by a goblin

Illustrated notes

Levels and vault maps discovered:
D:1:      wander_arrival_abandoned_jail, layout_basic, st_stairs_9,
          minmay_splitting_lines

Action                   || total
-------------------------++-------
Melee: Dagger            ||    17
 Cast: Corona            ||    10
Armor: Robe              ||     1
Dodge: Dodged            ||    14

Table legend: (Time is in decaauts)
 A = Elapsed time spent in this place.
 B = Non-inter-level travel time spent in this place.
 C = Inter-level travel time spent in this place.
 D = Time resting spent in this place.
 E = Time spent auto-exploring this place.
 F = Levels seen in this place.
 G = Mean time per level.
                   A        B        C        D        E       F      G
               +--------+--------+--------+--------+--------+-----+--------+
         Total |    212 |    212 |      0 |     20 |    111 |   1 |  212.0 |
       Dungeon |    212 |    212 |      0 |     20 |    111 |   1 |  212.0 |
               +--------+--------+--------+--------+--------+-----+--------+

Top non-repeatable levels by time:
     D:1: 212 daAuts
